 Dungeon Crawl Stone Soup version 0.20.1-1-g8b1a95d66d (webtiles) character file.

210456 Allophanate the Executioner (level 18, -1/178 HPs)
             Began as a Minotaur Berserker on Nov 27, 2017.
             Was a High Priest of Trog.
             Blown up by an orb spider (40 damage)
             ... with an orb of destruction
             ... on level 4 of the Spider Nest on Nov 28, 2017.
             The game lasted 02:21:37 (33793 turns).

Allophanate the Executioner (Minotaur Berserker)   Turns: 33793, Time: 02:21:41

Health: -1/178     AC: 26    Str: 27    XL:     18   Next: 18%
Magic:  20/20      EV: 13    Int:  5    God:    Trog [*****.]
Gold:   411        SH:  0    Dex: 12    Spells: 17/17 levels left

rFire    . . .     SeeInvis .   a - +9 executioner's axe (freeze)
rCold    + . .     Gourm    .   (shield currently unavailable)
rNeg     . . .     Faith    .   U - +4 plate armour "Utaradd" {+Inv}
rPois    +         Spirit   .   R - +1 hat
rElec    .         Reflect  .   K - +1 cloak {rPois}
rCorr    +         Harm     .   E - +0 pair of gloves
MR       +....                  (no boots)
Stlth    ..........             L - amulet of regeneration
Regen    0.8/turn               C - ring of protection from cold
MPRegen  0.2/turn               o - ring of resist corrosion

@: lethally poisoned (-1 -> -10)
A: retaliatory headbutt, horns 2, low mp 1
}: 1/15 runes: barnacled
a: Berserk, Trog's Hand, Brothers in Arms, Burn Spellbooks, Renounce Religion,
Evoke Invisibility


You were on level 4 of the Spider Nest.
You worshipped Trog.
Trog was extremely pleased with you.
You were not hungry.

You visited 5 branches of the dungeon, and saw 31 of its levels.
You also visited: Ossuary and Ice Cave.

You collected 3079 gold pieces.
You spent 2668 gold pieces at shops.

Inventory:

Hand Weapons
 a - a +9 executioner's axe of freezing (weapon)
 b - a +1 battleaxe of flaming
Missiles
 k - 73 javelins (quivered)
 I - 7 javelins of penetration
 P - 136 bolts
Armour
 n - a +0 cloak
 E - a +0 pair of gloves (worn)
 K - a +1 cloak of poison resistance (worn)
 R - a +1 hat (worn)
 U - the +4 plate armour "Utaradd" (worn) {+Inv}
   (You bought it in a shop on level 2 of the Orcish Mines)

   It lets you turn invisible.
Jewellery
 h - the amulet of the Harvest {Harm *Contam *Drain rF+++ Stlth+}
   (You found it on level 2 of the Spider Nest)

   [amulet of harm]

   It increases damage dealt and taken.
   It renders you almost immune to fire.
   It causes magical contamination when unequipped.
   It causes draining when unequipped.
   It makes you more stealthy.
 l - an uncursed ring of positive energy
 o - a ring of resist corrosion (right hand)
 p - an uncursed ring of protection from fire
 s - an uncursed ring of magical power
 C - a ring of protection from cold (left hand)
 L - an amulet of regeneration (around neck)
 O - an uncursed ring of poison resistance
Wands
 z - a wand of polymorph (7/24)
 D - a wand of lightning (8/15)
 M - a wand of lightning (8/15)
 Q - a wand of iceblast (0/15)
 T - a wand of disintegration (6/24)
 V - a wand of digging (9/24)
 W - a wand of scattershot (0/9)
 Z - a wand of acid (0/15)
Scrolls
 d - a scroll of torment
 f - 4 scrolls of magic mapping
 q - 2 scrolls of fear
 r - 16 scrolls of remove curse
 t - a scroll of enchant weapon
 u - 9 scrolls of enchant armour
 x - 7 scrolls of teleportation
 y - 2 scrolls of recharging
 H - 2 scrolls of silence
Potions
 e - 8 potions of agility
 g - 3 potions of haste
 i - 3 potions of berserk rage
 m - 2 potions of mutation
 v - 8 potions of brilliance
 w - 5 potions of lignification
 A - 4 potions of curing
 F - a potion of invisibility
 J - a potion of ambrosia
 S - 2 potions of resistance
 Y - 3 potions of might
Miscellaneous
 N - 2 boxes of beasts
 X - a phial of floods
Comestibles
 c - 20 bread rations
 j - 16 royal jellies
 B - 7 meat rations


   Skills:
 + Level 19.9 Fighting
 * Level 24.1 Axes
 - Level 14.7 Armour
 + Level 10.4 Dodging
 - Level 8.0 Evocations


You had 17 spell levels left.
You didn't know any spells.

Dungeon Overview and Level Annotations

Branches:
Dungeon (15/15)            Temple (0/1) D:5            Lair (6/6) D:9
 Shoals (4/4) Lair:3       Spider (4/4) Lair:4        Slime (0/5) Lair:6
    Orc (2/2) D:12            Elf (0/3) Orc:2        Vaults (0/5) D:13
 Depths (0/5) D:15

Altars:
Ashenzari
Cheibriados
Elyvilon
Fedhas
Kikubaaqudgha
Makhleb
Okawaru
Yredelemnul
Beogh
Jiyva

Shops:
D:5 (:*   D:7 (   D:8 ?   D:10 [   D:11 :   D:15 (   Orc:2 *([:   Shoals:1 =
Shoals:4 !%*}

Portals:
Trove: D:13 (give +7 demon blade)

Annotations:
D:4 Blork the orc
Lair:1 Sonja
Shoals:3 exclusion: 2 downstairs


Innate Abilities, Weirdness & Mutations

You reflexively headbutt those who attack you in melee.
You have a pair of horns on your head.
Your magical capacity is low. (-10% MP)


Message History

The orb spider weaves a glowing orb of energy.
An orb of destruction comes into view.
Your plate armour "Utaradd" prevents you from hitting the jumping spider.
The jumping spider is moderately wounded.
You feel sick. The jumping spider pounces on you.
* * * LOW HITPOINT WARNING * * *
The jumping spider bites you but does no damage.
The jumping spider pounces on you.
* * * LOW HITPOINT WARNING * * *
The jumping spider bites you but does no damage.
A tarantella comes into view.
Okay, then.
As you read the scroll of summoning, it crumbles to dust.
Wisps of shadow whirl around you...
You feel sick. The demonic crawler hits your redback.
The demonic crawler closely misses your redback.
The demonic crawler hits your redback!
The tarantella bites you but does no damage.
The orb of destruction hits you!
You die...

####+++####
####ss.ss...^##
#.§@ssssss.....
#§.s†ss........
.....s..s.###.......
......(....^..^?#...
.##....#............
......#..##.#...)..
.......#... ##..^##.
.......#^.^# ....
#....#......


You could see a demonic crawler, 3 orb spiders, a jumping spider, 2 tarantellas,
2 friendly tarantellas and 6 friendly redbacks.

Vanquished Creatures
  Nikola (Spider:3)
  Arachne (Spider:3)
  Rupert (Lair:3)
  Frances (Shoals:1)
  Gastronok (Lair:2)
  The ghost of timpakay the Severer, an adept FoFi of Uskayaw (Shoals:1)
  Kirke (Lair:4)
  Ilsuiw (Shoals:4)
  Aizul (Spider:3)
  The ghost of Gargoyl the Cleaver, a journeyman CeAK of Lugonu (D:14)
  An orc warlord (Orc:1)
  4 emperor scorpions
  3 entropy weavers (Spider:1)
  The ghost of ZeroTheHero the Severer, a journeyman MiBe of Trog (Shoals:1)
  8 merfolk javelineers
  15 merfolk impalers
  An ogre mage (D:13)
  A rakshasa (D:15)
  A hydra (shapeshifter) (D:15)
  4 hydras
  A catoblepas (D:14)
  2 merfolk avatars
  Erica (D:8)
  4 centaur warriors
  A death knight (D:14)
  An alligator snapping turtle (Shoals:2)
  4 merfolk aquamancers (Shoals:4)
  3 satyrs
  6 two-headed ogres
  2 orc high priests (Orc:2)
  A queen ant (Spider:1)
  The ghost of MondaySad the Unseen, a journeyman SpEn of Kikubaaqudgha (D:11)
  A fire crab (Lair:6)
  13 sea snakes
  An unseen horror (D:15)
  A glowing orange brain (D:15)
  5 harpies
  A phantasmal warrior (D:14)
  23 wolf spiders
  17 orb spiders
  22 manticores
  5 orc sorcerers
  6 fauns
  17 ugly things
  2 orc knights (Orc:2)
  16 elephants
  A deep elf mage (D:12)
  The ghost of CKAuHET the Gusty, a novice DrAE of Hepliaklqana (D:7)
  5 cyclopes
  11 merfolk sirens
  Maurice (D:8)
  6 black mambas
  2 ice statues (IceCv)
  2 moths of wrath
  A torpor snail (Spider:1)
  8 water nymphs
  5 gargoyles
  A rime drake (Lair:4)
  8 spiny frogs
  6 komodo dragons
  A guardian mummy (D:13)
  3 freezing wraiths (D:14)
  4 demonic crawlers
  2 yaktaurs (D:13)
  9 ice devils (IceCv)
  A queen bee (shapeshifter) (D:15)
  6 trolls
  6 meliai
  10 polar bears
  3 tengu conjurers (D:13)
  28 jumping spiders
  3 wind drakes
  29 merfolk
  8 slime creatures
  8 blink frogs
  A raiju (Lair:6)
  7 dream sheep
  A harpy skeleton (D:15)
  11 snapping turtles
  11 hippogriffs
  Sigmund (D:4)
  A shadow (D:15)
  36 redbacks
  8 water elementals
  A human (shapeshifter) (D:12)
  3 wyverns
  17 tarantellas
  2 wraiths
  The ghost of Arizodo the Skirmisher, an amateur MiFi (D:4)
  4 basilisks
  A vampire (D:14)
  7 hogs (Lair:4)
  4 hungry ghosts
  A steam dragon (D:11)
  24 yaks
  10 wargs
  A steam dragon (shapeshifter) (D:15)
  7 water moccasins
  20 soldier ants (Spider:1)
  An acid dragon (D:11)
  4 porcupines
  14 hell hounds (Lair:6)
  4 ice beasts
  3 sky beasts
  28 orc warriors
  3 phantoms
  11 black bears (Lair:6)
  2 necrophages (Lair:2)
  A boggart (D:13)
  12 ogres
  23 wolves
  17 centaurs
  13 crocodiles
  13 big kobolds
  15 bullfrogs
  2 elf zombies (Ossuary)
  4 earth elementals (Spider:2)
  7 scorpions
  A wyvern skeleton (D:8)
  15 killer bees
  16 wights
  4 howler monkeys
  8 electric eels
  8 crimson imps
  4 centaur zombies
  19 orc priests
  2 bullfrog zombies
  4 jellies
  A human zombie (Ossuary)
  3 bullfrog skeletons
  9 centaur skeletons
  8 hounds
  3 iguanas
  35 worker ants
  Terence (D:2)
  12 orc wizards
  4 big kobold zombies (Ossuary)
  A hound skeleton (D:8)
  2 hound zombies
  2 mummies (Ossuary)
  A worker ant zombie (D:6)
  Robin (D:4)
  A howler monkey zombie (D:9)
  7 gnolls
  11 adders
  4 shadow imps
  5 white imps (IceCv)
  9 ufetubi (IceCv)
  2 adder skeletons (D:4)
  2 worms
  6 dart slugs
  6 leopard geckos
  66 orcs
  5 giant cockroaches
  7 hobgoblins
  14 jackals
  6 quokkas
  5 ball pythons
  7 bats
  4 frilled lizards
  A giant cockroach zombie (D:5)
  16 goblins
  11 hobgoblin zombies (Ossuary)
  A jackal zombie (Ossuary)
  23 kobolds
  6 kobold zombies (Ossuary)
  9 orc zombies (Ossuary)
  2 quokka skeletons
  6 rats
  A rat zombie (Ossuary)
  10 bushes (D:14)
  6 fungi
  6 plants
1171 creatures vanquished.

Vanquished Creatures (collateral kills)
  An orc warlord (Orc:2)
  Roxanne (Spider:3)
  A ghost moth (Spider:1)
  A merfolk impaler (Shoals:4)
  A merfolk javelineer (Shoals:4)
  A hydra (Lair:4)
  A two-headed ogre (D:13)
  A yaktaur (D:13)
  3 ice devils (IceCv)
  2 polar bears (Lair:6)
  An orc warrior (Orc:2)
  A white imp (IceCv)
  2 orcs (Orc:1)
17 creatures vanquished.

Vanquished Creatures (others)
  A reaper (IceCv)
  A redback (Spider:4)
  A yak (D:11)
  A wight (D:13)
  4 ufetubi (IceCv)
  3 fungi
  11 plants
22 creatures vanquished.

Grand Total: 1210 creatures vanquished

Notes
Turn   | Place    | Note
-------+----------+-------------------------------------------
     0 | D:1      | Allophanate the Minotaur Berserker began the quest for the Orb.
     0 | D:1      | Reached XP level 1. HP: 19/19 MP: 0/0
    53 | D:1      | Reached skill level 4 in Axes
    59 | D:1      | Reached XP level 2. HP: 19/26 MP: 1/1
   854 | D:2      | Noticed Terence
   866 | D:2      | Killed Terence
   866 | D:2      | Reached skill level 5 in Axes
   866 | D:2      | Reached XP level 3. HP: 17/31 MP: 2/2
  1151 | D:2      | Reached ** piety under Trog
  1444 | D:2      | Reached XP level 4. HP: 39/39 MP: 3/3
  1764 | D:3      | Found an ancient bone altar of Kikubaaqudgha.
  1774 | D:3      | Reached skill level 6 in Axes
  2151 | D:3      | You fall through a shaft!
  2151 | D:4      | Noticed Arizodo's ghost (amateur MiFi)
  2158 | D:4      | Killed Arizodo's ghost
  2158 | D:4      | Reached skill level 8 in Axes
  2158 | D:4      | Reached XP level 5. HP: 45/45 MP: 4/4
  2250 | D:4      | Found a sand-covered staircase.
  2280 | Ossuary  | Entered an ossuary
  2343 | Ossuary  | Reached XP level 6. HP: 51/51 MP: 5/5
  2349 | Ossuary  | Reached *** piety under Trog
  2408 | Ossuary  | Reached skill level 9 in Axes
  2441 | Ossuary  | Reached XP level 7. HP: 32/57 MP: 6/6
  2712 | D:4      | Noticed Sigmund
  2727 | D:4      | Killed Sigmund
  2727 | D:4      | Reached skill level 10 in Axes
  2744 | D:4      | Noticed Robin
  2749 | D:4      | Received a gift from Trog
  2769 | D:4      | Killed Robin
  3302 | D:3      | Found a snail-covered altar of Cheibriados.
  3326 | D:3      | Reached **** piety under Trog
  3335 | D:3      | Found an iron altar of Okawaru.
  3652 | D:4      | Reached skill level 11 in Axes
  3904 | D:4      | Noticed Blork the orc
  3923 | D:5      | Entered Level 5 of the Dungeon
  3997 | D:5      | Found a staircase to the Ecumenical Temple.
  4062 | D:5      | Found Ypeom's Book Shoppe.
  4367 | D:5      | Found Hiamech's General Store.
  4488 | D:5      | Reached XP level 8. HP: 47/64 MP: 7/7
  4790 | D:5      | Reached skill level 12 in Axes
  4944 | D:5      | Found Giny's Antique Weapon Shop.
  5323 | D:6      | Reached ***** piety under Trog
  5337 | D:6      | Reached skill level 13 in Axes
  5442 | D:5      | Bought a +2 battleaxe of venom for 277 gold pieces
  5628 | D:6      | Received a gift from Trog
  5853 | D:6      | Reached XP level 9. HP: 61/70 MP: 8/8
  6014 | D:7      | Noticed CKAuHET's ghost (novice DrAE)
  6032 | D:7      | Killed CKAuHET's ghost
  6032 | D:7      | Reached skill level 14 in Axes
  6223 | D:7      | Reached skill level 15 in Axes
  6680 | D:7      | Found Muunkoku's Antique Weapon Boutique.
  6789 | D:7      | Found a basalt altar of Yredelemnul.
  6789 | D:7      | Found a shattered altar of Ashenzari.
  6836 | D:8      | Found a runed door.
  6967 | D:8      | Noticed Maurice
  6977 | D:8      | Killed Maurice
  6977 | D:8      | Reached skill level 5 in Fighting
  6977 | D:8      | Reached XP level 10. HP: 72/81 MP: 9/9
  7017 | D:8      | Reached skill level 5 in Armour
  7046 | D:8      | Noticed a three-headed hydra
  7056 | D:8      | Killed a six-headed hydra
  7056 | D:8      | Reached skill level 16 in Axes
  7387 | D:8      | Noticed a two-headed ogre
  7393 | D:8      | Killed a two-headed ogre
  7459 | D:8      | Noticed Erica
  7465 | D:8      | Killed Erica
  7488 | D:8      | Found Yqoacw's Magic Scroll Shoppe.
  7497 | D:8      | Bought a scroll of enchant weapon for 90 gold pieces
  7497 | D:8      | Bought a scroll of fear for 42 gold pieces
  7508 | D:8      | Found a white marble altar of Elyvilon.
  7845 | D:8      | Found a runed door.
  7855 | D:8      | Reached XP level 11. HP: 94/94 MP: 10/10
  7858 | D:8      | Noticed a two-headed ogre
  7866 | D:8      | Killed a two-headed ogre
  7898 | D:8      | Noticed a centaur warrior
  7904 | D:8      | Killed a centaur warrior
  8373 | D:9      | Reached skill level 17 in Axes
  8605 | D:9      | Found a burning altar of Makhleb.
  8611 | D:9      | Received a gift from Trog
  8643 | D:9      | Found a staircase to the Lair.
  8748 | Lair:1   | Entered Level 1 of the Lair of Beasts
  8839 | Lair:1   | Noticed Sonja
  8919 | Lair:2   | Noticed Gastronok
  8931 | Lair:2   | Killed Gastronok
  9364 | Lair:2   | Reached skill level 10 in Fighting
  9704 | Lair:3   | Found a staircase to the Shoals.
 10057 | Lair:3   | Noticed Rupert
 10071 | Lair:3   | Killed Rupert
 10071 | Lair:3   | Reached skill level 10 in Armour
 10071 | Lair:3   | Reached XP level 12. HP: 101/107 MP: 11/11
 10991 | Lair:4   | Noticed Kirke
 10999 | Lair:4   | Reached skill level 18 in Axes
 11002 | Lair:4   | Killed Kirke
 11174 | Lair:4   | Received a gift from Trog
 11412 | Lair:4   | Found a hole to the Spider Nest.
 11526 | Lair:4   | Noticed a seven-headed hydra
 11533 | Lair:4   | Killed a nine-headed hydra
 11625 | Lair:4   | Found a frozen archway.
 11672 | IceCv    | Entered an ice cave
 11821 | IceCv    | Killed a reaper
 12117 | IceCv    | Reached XP level 13. HP: 64/119 MP: 12/12
 13312 | Lair:5   | Reached skill level 19 in Axes
 13832 | Lair:6   | Entered Level 6 of the Lair of Beasts
 14146 | Lair:6   | Received a gift from Trog
 14468 | Lair:6   | Found a viscous altar of Jiyva.
 14468 | Lair:6   | Found a staircase to the Slime Pits.
 14476 | Lair:6   | HP: 3/124 [blink frog (13)]
 15292 | Lair:6   | Reached XP level 14. HP: 81/133 MP: 13/13
 15962 | D:10     | Entered Level 10 of the Dungeon
 16304 | D:10     | Found Lyddaw's Armour Emporium.
 16572 | D:11     | Found a blossoming altar of Fedhas.
 16633 | D:11     | Received a gift from Trog
 16750 | D:11     | Noticed MondaySad's ghost (journeyman SpEn)
 16760 | D:11     | Killed MondaySad's ghost
 16792 | D:11     | Found Qomih's Book Boutique.
 16794 | D:11     | Reached skill level 20 in Axes
 17012 | D:11     | Reached skill level 15 in Fighting
 17846 | D:12     | Found a staircase to the Orcish Mines.
 18473 | Orc:1    | Entered Level 1 of the Orcish Mines
 18473 | Orc:1    | Noticed an orc warlord
 18481 | Orc:1    | Killed an orc warlord
 18516 | Orc:1    | Found a roughly hewn altar of Beogh.
 18815 | Orc:2    | Entered Level 2 of the Orcish Mines
 18823 | Orc:2    | Found Wotetila's Antique Armour Boutique.
 18833 | Orc:2    | Received a gift from Trog
 18848 | Orc:2    | Bought a bronze plate armour for 952 gold pieces
 18858 | Orc:2    | Identified the +4 plate armour "Utaradd" {+Inv} (You bought it in a shop on level 2 of the Orcish Mines)
 18927 | Orc:2    | Found Dunum's Book Shoppe.
 19022 | Orc:2    | Found Ecsihaat's Antique Weapon Emporium.
 19106 | Orc:2    | Found a staircase to the Elven Halls.
 19305 | Orc:2    | Noticed an orc warlord
 19306 | Orc:2    | Found Cogh's General Store.
 19315 | Orc:2    | Killed an orc warlord
 19315 | Orc:2    | Reached skill level 5 in Dodging
 19328 | Orc:2    | Bought a scroll of teleportation for 42 gold pieces
 19328 | Orc:2    | Bought a potion of might for 56 gold pieces
 19690 | Orc:1    | Found a roughly hewn altar of Beogh.
 20149 | D:13     | Found a portal to a secret trove of treasure.
 20278 | D:13     | Received a gift from Trog
 20341 | D:13     | Reached XP level 15. HP: 102/143 MP: 14/14
 20595 | D:13     | Found a gate to the Vaults.
 20760 | D:14     | Noticed Gargoyl's ghost (journeyman CeAK)
 20779 | D:14     | Killed Gargoyl's ghost
 21179 | D:14     | Reached skill level 21 in Axes
 21666 | D:15     | Entered Level 15 of the Dungeon
 21992 | D:15     | Received a gift from Trog
 21998 | D:15     | Got a jewelled war axe {god gift}
 21999 | D:15     | Identified the +7 war axe "Dauneboh" {vamp, Int-4 Dex+4} (Trog gifted it to you on level 15 of the Dungeon)
 22328 | D:15     | Found Iggonaenn's Weapon Boutique.
 22725 | D:15     | Noticed a storm dragon
 22727 | D:15     | a storm dragon changed into an emperor scorpion
 22822 | D:15     | Found a staircase to the Depths.
 23438 | Shoals:1 | Entered Level 1 of the Shoals
 23438 | Shoals:1 | Found Wuqat's Jewellery Boutique.
 23582 | D:8      | Bought a scroll of acquirement for 624 gold pieces
 23582 | D:8      | Bought a scroll of blinking for 90 gold pieces
 23727 | Shoals:1 | Noticed Frances
 23736 | Shoals:1 | Killed Frances
 23736 | Shoals:1 | Reached skill level 1 in Evocations
 23750 | Shoals:1 | Noticed ZeroTheHero's ghost (journeyman MiBe)
 23758 | Shoals:1 | Killed ZeroTheHero's ghost
 23810 | Shoals:1 | Noticed timpakay's ghost (adept FoFi)
 23819 | Shoals:1 | Killed timpakay's ghost
 24278 | Shoals:1 | Received a gift from Trog
 24448 | Shoals:2 | Reached XP level 16. HP: 145/155 MP: 17/17
 26261 | Shoals:3 | Reached skill level 22 in Axes
 26517 | Spider:1 | Entered Level 1 of the Spider Nest
 26530 | Spider:1 | Reached skill level 5 in Evocations
 26555 | Spider:1 | Reached ****** piety under Trog
 26581 | Spider:1 | Received a gift from Trog
 27927 | Spider:2 | Received a gift from Trog
 28101 | Shoals:4 | Entered Level 4 of the Shoals
 28264 | Shoals:4 | Found Mobuq's Weapon Shop.
 28477 | Shoals:4 | Reached XP level 17. HP: 166/166 MP: 21/21
 28637 | Shoals:4 | Noticed Ilsuiw
 28668 | Shoals:4 | Killed Ilsuiw
 28891 | Shoals:4 | Found Ehalu's Distillery.
 28905 | Shoals:4 | Found Reekebol's Food Shoppe.
 28927 | Shoals:4 | Bought a potion of heal wounds for 55 gold pieces
 28927 | Shoals:4 | Bought a potion of heal wounds for 55 gold pieces
 28927 | Shoals:4 | Bought a potion of heal wounds for 55 gold pieces
 28947 | Shoals:4 | Found Alui's Gadget Shop.
 28963 | Shoals:4 | Found Wimoih's General Store.
 29184 | Shoals:4 | HP: 4/168 [merfolk javelineer/javelin (10)]
 29242 | Shoals:3 | Gained mutation: Your magical capacity is low. (-10% MP) [mutagenic glow]
 29502 | Shoals:4 | HP: 10/252 [merfolk impaler/stone (5)]
 29996 | Shoals:4 | Received a gift from Trog
 30096 | Shoals:4 | Found a basalt altar of Yredelemnul.
 30388 | Shoals:4 | Reached skill level 23 in Axes
 31420 | Shoals:4 | Bought a potion of invisibility for 88 gold pieces
 31420 | Shoals:4 | Bought 2 potions of agility for 88 gold pieces
 31420 | Shoals:4 | Bought a potion of invisibility for 88 gold pieces
 31420 | Shoals:4 | Bought a potion of curing for 33 gold pieces
 31420 | Shoals:4 | Bought a potion of curing for 33 gold pieces
 31427 | Shoals:4 | Got a barnacled rune of Zot
 32056 | Spider:2 | Received a gift from Trog
 32066 | Spider:2 | Got a warped zirconium amulet
 32288 | Spider:2 | Identified the amulet of the Harvest {Harm *Contam *Drain rF+++ Stlth+} (You found it on level 2 of the Spider Nest)
 32688 | Spider:3 | Noticed Nikola
 32697 | Spider:3 | Killed Nikola
 32904 | Spider:3 | Noticed Roxanne
 32914 | Spider:3 | Killed Roxanne
 33098 | Spider:3 | Noticed Arachne
 33132 | Spider:3 | Killed Arachne
 33132 | Spider:3 | Reached skill level 10 in Dodging
 33132 | Spider:3 | Reached XP level 18. HP: 46/178 MP: 20/20
 33501 | Spider:3 | Reached skill level 24 in Axes
 33637 | Spider:3 | Noticed Aizul
 33657 | Spider:3 | Killed Aizul
 33724 | Spider:3 | Received a gift from Trog
 33770 | Spider:4 | Entered Level 4 of the Spider Nest
 33793 | Spider:4 | Blown up by an orb spider

Skill      XL: |  1  2  3  4  5  6  7  8  9 10 11 12 13 14 15 16 17 18 |
---------------+-------------------------------------------------------+-----
Axes           | 4 5 8 9 11 13 15 16 17 18 19 20 21 22 23 24 | 24.1
Fighting       | 5 8 10 12 14 15 17 18 19 | 19.9
Armour         | 4 7 10 12 14 | 14.7
Dodging        | 5 8 10 | 10.4
Evocations     | 3 7 8 |  8.0

Action                   |  1- 3 |  4- 6 |  7- 9 | 10-12 | 13-15 | 16-18 || total
-------------------------+-------+-------+-------+-------+-------+-------++-------
Melee: Hand axe          |    62 |   123 |   244 |       |    17 |       ||   446
       Headbutt          |    19 |    32 |    55 |   108 |   214 |   143 ||   571
       Battleaxe         |       |       |   127 |   443 |    23 |       ||   593
       Executioner's axe |       |       |       |    37 |   879 |   722 ||  1638
Throw: Javelin           |       |       |       |     2 |       |     1 ||     3
Invok: Trog's Hand       |       |     1 |     4 |     6 |    10 |     9 ||    30
       Berserk           |       |     1 |     4 |     6 |     4 |     6 ||    21
       Burn Spellbooks   |       |       |     2 |     1 |     3 |     7 ||    13
       Brothers in Arms  |       |       |       |     2 |     5 |     3 ||    10
 Abil: Evoke Invisibilit |       |       |       |       |       |     1 ||     1
Evoke: Wand              |       |       |       |     8 |     1 |    51 ||    60
  Use: Scroll            |       |       |    12 |    13 |    28 |    28 ||    81
       Potion            |       |       |       |     6 |     9 |    14 ||    29
 Stab: Sleeping          |     3 |       |       |       |       |       ||     3
       Distracted        |       |       |       |       |     1 |       ||     1
       Invisible         |       |       |       |       |       |     2 ||     2
  Eat: Chunk             |     1 |     3 |    15 |     6 |     7 |    11 ||    43
       Fruit             |       |     2 |     8 |     5 |    13 |     5 ||    33
       Royal jelly       |       |       |     2 |     3 |     1 |       ||     6
       Meat ration       |       |       |       |     5 |     5 |     6 ||    16
Armor: Animal skin       |     6 |       |       |       |       |       ||     6
       Chain mail        |    17 |    56 |   116 |       |       |       ||   189
       Plate armour      |       |       |    79 |   317 |   772 |   702 ||  1870
Dodge: Dodged            |    45 |    49 |   132 |   203 |   512 |   628 ||  1569
Block: Buckler           |       |       |     6 |       |       |       ||     6
